 Dungeon Crawl Stone Soup version 0.20-a0-492-g6327889 (webtiles) character file.

42 rageheart7 the Skirmisher (level 3, 0/30 HPs)
             Began as a Formicid Abyssal Knight on Jan 15, 2017.
             Was a Follower of Lugonu.
             Succumbed to an adder's poison
             ... on level 2 of the Dungeon.
             The game lasted 00:02:00 (1018 turns).

rageheart7 the Skirmisher (Formicid Abyssal Knight) Turns: 1018, Time: 00:02:01

Health: 0/30       AC:  4    Str: 16    XL:     3   Next: 80%
Magic:  4/4        EV: 11    Int: 11    God:    Lugonu [*.....]
Gold:   91         SH:  0    Dex: 11    Spells: 2/2 levels left

rFire    . . .     SeeInvis +   a - +1 mace
rCold    . . .     Gourm    .   b - +0 leather armour
rNeg     . . .     Faith    .   (no shield)
rPois    .         Spirit   .   (helmet unavailable)
rElec    .         Reflect  .   l - +0 cloak
rCorr    .         Harm     .   (no gloves)
MR       .....                  (no boots)
Stlth    +.........             (no amulet)
Regen    0.1/turn               (no ring)
                                (no ring)

@: lethally poisoned (0 -> -3), very slightly contaminated, invisible
A: permanent stasis, dig shafts and tunnels, four strong arms, antennae 3
a: Dig, Shaft Self, Depart the Abyss, Renounce Religion


You were on level 2 of the Dungeon.
You worshipped Lugonu.
Lugonu was aware of your devotion.
You were not hungry.

You visited 1 branch of the dungeon, and saw 2 of its levels.
You visited the Abyss 1 time.

You collected 91 gold pieces.

Inventory:

Hand Weapons
 a - a +1 mace (weapon)
 m - a cursed +0 hunting sling
Missiles
 n - 16 sling bullets
Armour
 b - a +0 leather armour (worn)
 l - a +0 cloak (worn)
Scrolls
 e - a scroll of remove curse
 f - a scroll of recharging
 g - a scroll of enchant weapon {unknown}
Potions
 i - a potion of invisibility
Comestibles
 c - 3 bread rations
 d - a royal jelly
 h - a chunk of flesh
 j - a beef jerky


   Skills:
 + Level 3.7 Fighting
 * Level 3.0 Maces & Flails
 - Level 2.5 Armour
 - Level 1.1 Dodging
 - Level 2.3 Invocations


You had 2 spell levels left.
You didn't know any spells.

Dungeon Overview and Level Annotations

Branches:
Dungeon (2/15)

Altars:

Annotations:
D:2 Ijyb


Innate Abilities, Weirdness & Mutations

You cannot be hasted, slowed, berserked, paralysed or teleported.
You can dig through walls and to a lower floor.
Your four strong arms can wield two-handed weapons with a shield.
You have a pair of large antennae on your head. (SInv)


Message History

Ijyb closely misses you.
You barely miss Ijyb.
Ijyb is heavily wounded.
* * * LOW HITPOINT WARNING * * *
You feel sick. Ijyb completely misses you.
You closely miss Ijyb.
Ijyb is heavily wounded.
Ijyb hits you.
* * * LOW HITPOINT WARNING * * *
Ijyb misses you.
You hit Ijyb.
Ijyb is heavily wounded.
* * * LOW HITPOINT WARNING * * *
You feel sick. Ijyb barely misses you.
You hit Ijyb.
Ijyb is severely wounded.
Ijyb closely misses you.
You closely miss Ijyb.
Ijyb is severely wounded.
You die...

#.# .# #.# .# #.#
##.# ##.# #.. #...
... #..# #.# #..#
#†# #..# #g#
#..##### #@#
#......####[#
##........#.#
#####.##.#.#######.
#.##...........
#.####.######## #.#
#.# #.# #.# #.##
#.#


You could see Ijyb.

Vanquished Creatures
  An adder (D:2)
  An ooze (D:1)
  A dart slug (D:1)
  2 ball pythons (D:1)
  2 giant cockroaches (D:1)
  3 goblins (D:1)
  3 hobgoblins
  2 jackals (D:1)
  2 bats (D:2)
  3 frilled lizards
  3 kobolds
  4 rats (D:1)
27 creatures vanquished.

Notes
Turn   | Place    | Note
-------+----------+-------------------------------------------
     0 | Abyss:1  | rageheart7 the Formicid Abyssal Knight began the quest for the Orb.
     0 | Abyss:1  | Reached XP level 1. HP: 18/18 MP: 2/2
    45 | Abyss:1  | Noticed an iron imp
    70 | Abyss:1  | Noticed a spatial maelstrom
    70 | Abyss:1  | Noticed a spatial vortex
    71 | D:1      | Escaped the Abyss
   133 | D:1      | Reached * piety under Lugonu
   163 | D:1      | Reached skill level 1 in Dodging
   173 | D:1      | Reached XP level 2. HP: 6/24 MP: 3/3
   652 | D:1      | Reached XP level 3. HP: 28/29 MP: 4/4
  1000 | D:2      | Noticed Ijyb
  1016 | D:2      | HP: 1/30 [poisoned by an adder]
  1018 | D:2      | Succumbed to an adder's poison

Vault maps used:
D:1:      sevenhm_arrival_forest_fort_large_2
D:2:      minitemple, first_bread, serial_bayou_ford_a, uniq_iyjb

Skill      XL: |  1  2  3 |
---------------+----------+-----
Dodging        | 1 |  1.1
Maces & Flails | 3 |  3.0
Fighting       | |  3.7
Armour         | |  2.5
Invocations    | |  2.3

Action                   || total
-------------------------++-------
Melee: Mace              ||    86
Invok: Depart the Abyss  ||     1
  Use: Scroll            ||     7
       Potion            ||     1
Armor: Leather armour    ||    45
Dodge: Dodged            ||    52
